 Dungeon Crawl Stone Soup version 0.27.1-34-g3ba077fa99 (webtiles) character file.

Game seed: 6398970988091373498

60 cbfl8 the Sneak (level 3, -1/33 HPs)
             Began as a Minotaur Delver on Jan 20, 2022.
             Slain by a phantom (8 damage)
             ... on level 4 of the Dungeon.
             The game lasted 00:02:19 (850 turns).

cbfl8 the Sneak (Minotaur Delver)                    Turns: 850, Time: 00:02:19

Health: -1/33      AC:  3    Str: 16    XL:     3   Next: 82%
Magic:  2/2        EV: 12    Int:  8    God:
Gold:   28         SH:  0    Dex: 11    Spells: 2/2 levels left

rFire    . . .     SeeInvis .   a - +0 hand axe
rCold    . . .     Faith    .   (no shield)
rNeg     . . .     Spirit   .   b - +0 leather armour
rPois    .         Reflect  .   (helmet restricted)
rElec    .         Harm     .   (no cloak)
rCorr    .         Rampage  .   (no gloves)
Will     .....                  (no boots)
Stlth    ++........             (no amulet)
HPRegen  0.11/turn              (no ring)
MPRegen  0.08/turn              (no ring)

@: no status effects
A: horns 2, retaliatory headbutt
a: no special abilities


You were on level 4 of the Dungeon.
You visited 1 branch of the dungeon, and saw 2 of its levels.

You collected 28 gold pieces.

Inventory:

Hand Weapons
 a - a +0 hand axe (weapon)
Armour
 b - a +0 leather armour (worn)
Wands
 g - a wand of digging (3)
Scrolls
 c - a scroll of fog
 d - a scroll of magic mapping
 e - a scroll of fear
 i - a scroll of noise {unknown}
Potions
 f - a potion of haste
 h - a potion of curing {unknown}


   Skills:
 + Level 4.0 Fighting
 + Level 2.8 Axes
 + Level 0.4 Armour
 + Level 2.4 Dodging
 + Level 4.9 Stealth


You had 2 spell levels left.
You didn't know any spells.
Your spell library was empty.

Dungeon Overview and Level Annotations

Branches:
Dungeon (5/15)
 Temple: D:4-7

Altars:
Qazlal


Innate Abilities, Weirdness & Mutations

You have a pair of horns on your head.
You reflexively headbutt those who attack you in melee.


Message History

A hobgoblin is nearby!
The hobgoblin shouts!
The hobgoblin hits you.
You barely miss the hobgoblin. The hobgoblin hits you.
You slash the hobgoblin!
You kill the hobgoblin!
i - a scroll labelled WOOZAX ZAOFUZA You see here a hobgoblin corpse.
You start resting.
HP restored.
A phantom comes into view.
The phantom hits you but does no damage.
You barely miss the phantom. Your headbutt misses the phantom.
The phantom hits you.
The phantom blinks!
You blink.
Found a stone staircase leading up.
The phantom hits you!
The phantom blinks!
You blink.
Found a fizzy white potion.
The phantom hits you.
The phantom blinks!
You blink.
You hit the phantom but do no damage. You headbutt the phantom.
The phantom is moderately damaged.
The phantom barely misses you. You furiously retaliate!
You headbutt the phantom! You miss the phantom.
The phantom is heavily damaged.
The phantom hits you but does no damage.
You hit the phantom.
The phantom is heavily damaged.
The phantom hits you.
You closely miss the phantom.
The phantom is heavily damaged.
The phantom barely misses you. You furiously retaliate!
You headbutt the phantom. You hit the phantom but do no damage.
Your headbutt misses the phantom.
The phantom is severely damaged.
The phantom hits you!
* * * LOW HITPOINT WARNING * * *
You closely miss the phantom.
The phantom is severely damaged.
The phantom hits you!
You die...

...............
..................#
.............<.....
..................#
................!.#
..................#
..................#
.......§..........#
........§.......@.#
................W.##
...................#
................##.#
..............### #.
##........##..# .#
......#..§###..##. #
..##..##..# #.....
.###..###.###...#


You could see a phantom.

Vanquished Creatures
  A hound (D:4)
  An adder (D:4)
  2 ufetubi (D:4)
  A worm (D:4)
  An orc (D:4)
  A goblin (D:4)
  2 hobgoblins (D:4)
  A kobold (D:4)
  A quokka (D:4)
11 creatures vanquished.

Notes
Turn   | Place    | Note
-------+----------+-------------------------------------------
     0 | D:5      | cbfl8 the Minotaur Delver began the quest for the Orb.
     0 | D:5      | Reached XP level 1. HP: 19/19 MP: 0/0
    12 | D:5      | Noticed a hound
    14 | D:5      | Found a stormy altar of Qazlal.
    25 | D:4      | Killed a hound
    26 | D:4      | Reached XP level 2. HP: 17/27 MP: 1/1
   135 | D:4      | Reached XP level 3. HP: 32/33 MP: 2/2
   834 | D:4      | Noticed a phantom
   850 | D:4      | Slain by a phantom

Illustrated notes

Levels and vault maps discovered:
D:4:      layout_layer_cave
D:5:      minmay_recursive_quarters, layout_basic,
          mainiacjoe_overflow_boulevard, nicolae_vehumet_radiance,
          minmay_temple_entry_mist, serial_shops, nicolae_shop_stone,
          serial_park_tiny_2, uniq_duvessa

Skill      XL: |  1  2  3 |
---------------+----------+-----
Fighting       | 4 |  4.0
Axes           | |  2.8
Armour         | |  0.4
Dodging        | |  2.4
Stealth        | |  4.9

Action                   || total
-------------------------++-------
Melee: Hand axe          ||    38
       Headbutt          ||     8
 Stab: Sleeping          ||     1
Armor: Leather armour    ||    10
Dodge: Dodged            ||    38
